PAAA
GRYFINDOR BRAVES @ PURE MICHIGAN GREAT LAKERS
08/06/2026
 
TOP OF THE 1ST
Gryfindor Braves batting - Pitching for Pure Michigan Great Lakers : RHP Donald Gregory
Pitching: RHP Donald Gregory
Batting: LHB Jack Schmitt 0-0: Ball
1-0: SINGLE (Groundball, 3S) (infield hit)
Batting: LHB José Corona 0-0: Ball
1-0: Foul Ball, location: 2F
1-1: DOUBLE (Flyball, 78D)
Jack Schmitt to third
Batting: SHB Salvador Trevino 0-0: Fly out, F7 (Flyball, 78M)
Batting: SHB Fernando Sánchez 0-0: Ground out 4-3 (Groundball, 4)
Jack Schmitt scores
José Corona to third
Batting: RHB Steve Duncan 0-0: DOUBLE (Line Drive, 7LM)
José Corona scores
Batting: SHB Arturo Romero 0-0: Ball
1-0: Ball
2-0: Ground out U3 (Groundball, 34)
Top of the 1st over - 2 run(s), 3 hit(s), 0 error(s), 1 left on base; Gryfindor 2 - Pure Michigan 0
BOTTOM OF THE 1ST
Pure Michigan Great Lakers batting - Pitching for Gryfindor Braves : RHP Gabe Stephenson
Pitching: RHP Gabe Stephenson
Batting: LHB Sisto Pagnamenta 0-0: Swinging Strike
0-1: Ball
1-1: Fly out, F8 (Flyball, 8RD)
Batting: RHB Jean Chamissa 0-0: Called Strike
0-1: SINGLE (Line Drive, 56D)
Batting: LHB Tim Waters 0-0: Ball
1-0: Ball
2-0: Foul Ball, location: 2F
2-1: Foul Ball, location: 2F
2-2: Ball
3-2: Ground out 4-3 (Groundball, 34)
Jean Chamissa to second
Batting: LHB Mike Silver 0-0: Foul Ball, location: 2F
0-1: Fly out, F7 (Flyball, 7LS)
Bottom of the 1st over - 0 run(s), 1 hit(s), 0 error(s), 1 left on base; Gryfindor 2 - Pure Michigan 0
TOP OF THE 2ND
Gryfindor Braves batting - Pitching for Pure Michigan Great Lakers : RHP Donald Gregory
Batting: RHB Ernesto Souza 0-0: Ball
1-0: Foul Ball, location: 2F
1-1: Swinging Strike
1-2: SINGLE (Groundball, 6D)
Batting: SHB Emílio Gonzáles 0-0: Ball
1-0: Foul Ball, location: 2F
1-1: Ball
Wild Pitch!
Ernesto Souza to second
2-1: Swinging Strike
2-2: Ground out 1-3 (Groundball, 15S)
Batting: RHB Bob McNeil 0-0: Ball
1-0: Called Strike
1-1: DOUBLE (Line Drive, 9LS)
Ernesto Souza scores
Batting: LHB Jack Schmitt 0-0: Ground out 4-3 (Groundball, 4)
Bob McNeil to third
Batting: LHB José Corona 0-0: Ball
1-0: Called Strike
1-1: Swinging Strike
1-2: Fly out, F7 (Flyball, 78M)
Top of the 2nd over - 1 run(s), 2 hit(s), 0 error(s), 1 left on base; Gryfindor 3 - Pure Michigan 0
BOTTOM OF THE 2ND
Pure Michigan Great Lakers batting - Pitching for Gryfindor Braves : RHP Gabe Stephenson
Batting: RHB Ron Ward 0-0: Called Strike
0-1: Ball
1-1: Foul Ball, location: 2F
1-2: Foul Ball, location: 2F
1-2: Ball
2-2: Ball
3-2: Base on Balls
Batting: LHB Eric Thackston 0-0: Ball
1-0: Called Strike
1-1: Single, Error in OF, E7, batter to second base
Ron Ward to third
Batting: SHB Mike Barton 0-0: Swinging Strike
0-1: Ball
1-1: Swinging Strike
1-2: Ball
2-2: Foul Ball, location: 2F
2-2: SINGLE (Groundball, 34D)
Ron Ward scores
Eric Thackston to third
Runner from 3rd tries for Home, SAFE, no throw
Batting: LHB António Boccanegra 0-0: Ball
1-0: Foul Ball, location: 2F
1-1: Ball
2-1: Hit by Pitch
Mike Barton to second
Batting: RHB Kap-yong Chong 0-0: Ball
1-0: Fly out, F7 (Flyball, 7)
Batting: LHB Sisto Pagnamenta 0-0: Ball
1-0: Foul Ball, location: 2F
1-1: Swinging Strike
1-2: Foul Ball, location: 2F
1-2: Ball
2-2: Ball
3-2: Foul Ball, location: 2F
3-2: Base on Balls
Mike Barton to third
António Boccanegra to second
Batting: RHB Jean Chamissa 0-0: Called Strike
0-1: Grounds into double play, 6-4-3 (Groundball, 6)
Bottom of the 2nd over - 2 run(s), 2 hit(s), 1 error(s), 2 left on base; Gryfindor 3 - Pure Michigan 2
TOP OF THE 3RD
Gryfindor Braves batting - Pitching for Pure Michigan Great Lakers : RHP Donald Gregory
Batting: SHB Salvador Trevino 0-0: Ground out 1-3 (Groundball, 13S)
Batting: SHB Fernando Sánchez 0-0: Called Strike
0-1: Ground out 1-3 (Groundball, 25)
Batting: RHB Steve Duncan 0-0: Ball
1-0: Called Strike
1-1: Ball
2-1: Called Strike
2-2: Ball
3-2: Fly out, F6 (Popup, 6M)
Top of the 3rd over - 0 run(s), 0 hit(s), 0 error(s), 0 left on base; Gryfindor 3 - Pure Michigan 2
BOTTOM OF THE 3RD
Pure Michigan Great Lakers batting - Pitching for Gryfindor Braves : RHP Gabe Stephenson
Batting: LHB Tim Waters 0-0: Ball
1-0: Foul Ball, location: 2F
1-1: Ground out 6-3 (Groundball, 6MS)
Batting: LHB Mike Silver 0-0: Foul Ball, location: 2F
0-1: Ball
1-1: Foul Ball, location: 2F
1-2: Ball
2-2: Foul Ball, location: 2F
2-2: Foul Ball, location: 2F
2-2: Fly out, F7 (Flyball, 7)
Batting: RHB Ron Ward 0-0: Ball
1-0: Called Strike
1-1: Foul Ball, location: 2F
1-2: Ground out 6-3 (Groundball, 6)
Bottom of the 3rd over - 0 run(s), 0 hit(s), 0 error(s), 0 left on base; Gryfindor 3 - Pure Michigan 2
TOP OF THE 4TH
Gryfindor Braves batting - Pitching for Pure Michigan Great Lakers : RHP Donald Gregory
Batting: SHB Arturo Romero 0-0: Ball
1-0: Called Strike
1-1: Foul Ball, location: 2F
1-2: Foul Ball, location: 2F
1-2: Foul Ball, location: 2F
1-2: Strikes out swinging
Batting: RHB Ernesto Souza 0-0: Called Strike
0-1: Foul Ball, location: 2F
0-2: Ball
1-2: Foul Ball, location: 2F
1-2: Ball
2-2: Foul Ball, location: 2F
2-2: Strikes out looking
Batting: SHB Emílio Gonzáles 0-0: Ball
1-0: Called Strike
1-1: Ball
2-1: Foul Ball, location: 2F
2-2: Foul Ball, location: 2F
2-2: Ball
3-2: Base on Balls
Batting: RHB Bob McNeil 0-0: Ball
Emílio Gonzáles is caught stealing 2nd base
Top of the 4th over - 0 run(s), 0 hit(s), 0 error(s), 0 left on base; Gryfindor 3 - Pure Michigan 2
BOTTOM OF THE 4TH
Pure Michigan Great Lakers batting - Pitching for Gryfindor Braves : RHP Gabe Stephenson
Batting: LHB Eric Thackston 0-0: Ball
1-0: Ball
2-0: Called Strike
2-1: DOUBLE (Flyball, 89XD)
Batting: SHB Mike Barton 0-0: Ball
1-0: Ball
2-0: Called Strike
2-1: Ground out 4-3 (Groundball, 4M)
Eric Thackston to third
Batting: LHB António Boccanegra 0-0: Called Strike
0-1: SINGLE (Line Drive, 9S)
Eric Thackston scores
Batting: RHB Kap-yong Chong 0-0: Called Strike
0-1: Swinging Strike
0-2: Ball
1-2: Foul Ball, location: 2F
1-2: Hit by Pitch
António Boccanegra to second
Batting: LHB Sisto Pagnamenta 0-0: Swinging Strike
0-1: Called Strike
0-2: Ball
1-2: Fly out, F7 (Line Drive, 7)
Batting: RHB Jean Chamissa 0-0: Called Strike
0-1: Fielders Choice at 2nd, 5-4 (Groundball, 56)
Bottom of the 4th over - 1 run(s), 2 hit(s), 0 error(s), 1 left on base; Gryfindor 3 - Pure Michigan 3
TOP OF THE 5TH
Gryfindor Braves batting - Pitching for Pure Michigan Great Lakers : RHP Donald Gregory
Batting: RHB Bob McNeil 0-0: Ball
1-0: Ball
2-0: Called Strike
2-1: Swinging Strike
2-2: Foul Ball, location: 2F
2-2: Ball
3-2: Foul Ball, location: 2F
3-2: Foul Ball, location: 2F
3-2: Foul Ball, location: 2F
3-2: Strikes out swinging
Batting: LHB Jack Schmitt 0-0: Called Strike
0-1: Ball
1-1: Ball
2-1: Swinging Strike
2-2: Ground out U3 (Groundball, 34)
Batting: LHB José Corona 0-0: Called Strike
0-1: Ball
1-1: Foul Ball, location: 2F
1-2: Foul Ball, location: 2F
1-2: Ball
2-2: Foul Ball, location: 2F
2-2: Foul Ball, location: 2F
2-2: Ball
3-2: Fly out, F7 (Flyball, 7)
Top of the 5th over - 0 run(s), 0 hit(s), 0 error(s), 0 left on base; Gryfindor 3 - Pure Michigan 3
BOTTOM OF THE 5TH
Pure Michigan Great Lakers batting - Pitching for Gryfindor Braves : RHP Gabe Stephenson
Pitching: RHP Casey Dagher
Batting: LHB Tim Waters 0-0: Ball
1-0: Ball
2-0: Ball
3-0: Called Strike
3-1: Base on Balls
Batting: LHB Mike Silver 0-0: Fly out, F3 (Line Drive, 34)
Lined into DP, U3 (Line Drive, 34)
Batting: RHB Ron Ward 0-0: Called Strike
0-1: Ground out 6-3 (Groundball, 6)
Bottom of the 5th over - 0 run(s), 0 hit(s), 0 error(s), 0 left on base; Gryfindor 3 - Pure Michigan 3
TOP OF THE 6TH
Gryfindor Braves batting - Pitching for Pure Michigan Great Lakers : RHP Donald Gregory
Batting: SHB Salvador Trevino 0-0: Ball
1-0: Ball
2-0: Foul Ball, location: 2F
2-1: Swinging Strike
2-2: Fly out, F9 (Flyball, 89S)
Batting: SHB Fernando Sánchez 0-0: SINGLE (Line Drive, 34)
Batting: RHB Steve Duncan 0-0: Called Strike
0-1: Foul Ball, location: 2F
0-2: Strikes out swinging
Batting: SHB Arturo Romero 0-0: Fielders Choice at 2nd, 4-6 (Groundball, 4)
Top of the 6th over - 0 run(s), 1 hit(s), 0 error(s), 0 left on base; Gryfindor 3 - Pure Michigan 3
BOTTOM OF THE 6TH
Pure Michigan Great Lakers batting - Pitching for Gryfindor Braves : RHP Casey Dagher
Batting: LHB Eric Thackston 0-0: Foul Ball, location: 2F
0-1: Ball
1-1: Swinging Strike
1-2: Ball
2-2: Foul Ball, location: 2F
2-2: Foul Ball, location: 2F
2-2: SINGLE (Flyball, 6MD)
Batting: SHB Mike Barton 0-0: Bunt missed!
0-1: Sac Bunt - play at first, batter OUT! 1-4
Eric Thackston to second
Batting: LHB António Boccanegra 0-0: Intentional Walk
Batting: RHB Kap-yong Chong 0-0: Called Strike
0-1: Ball
Wild Pitch!
Eric Thackston to third
António Boccanegra to second
1-1: Ground out 6-3 (Groundball, 6)
Batting: LHB Sisto Pagnamenta 0-0: Foul Ball, location: 2F
0-1: Foul Ball, location: 2F
0-2: Ball
1-2: SINGLE (Line Drive, 34)
Eric Thackston scores
António Boccanegra to third
Runner from 3rd tries for Home, SAFE, no throw
Batting: RHB Jean Chamissa 0-0: Ball
1-0: Called Strike
1-1: Hit by Pitch
Sisto Pagnamenta to second
Batting: LHB Tim Waters 0-0: Called Strike
0-1: Foul Ball, location: 2F
0-2: Ball
1-2: Ball
2-2: Ball
3-2: Base on Balls
Sisto Pagnamenta to third
Jean Chamissa to second
Batting: LHB Mike Silver 0-0: Fly out, F7 (Flyball, 7S)
Bottom of the 6th over - 2 run(s), 2 hit(s), 0 error(s), 3 left on base; Gryfindor 3 - Pure Michigan 5
TOP OF THE 7TH
Gryfindor Braves batting - Pitching for Pure Michigan Great Lakers : RHP Donald Gregory
Batting: RHB Ernesto Souza 0-0: Swinging Strike
0-1: Swinging Strike
0-2: Ball
1-2: Fly out, F8 (Flyball, 8LXD)
Batting: SHB Emílio Gonzáles 0-0: Ball
1-0: Ball
2-0: Ball
3-0: Base on Balls
Batting: RHB Bob McNeil 0-0: Ball
1-0: SINGLE (Groundball, 56D)
Emílio Gonzáles to second
Pinch Hitting: LHB Ken Watanabe 0-0: Called Strike
0-1: Fly out, F9 (Flyball, 89S)
Batting: LHB José Corona 0-0: Ball
1-0: Ball
2-0: Called Strike
2-1: SINGLE (Line Drive, 89M)
Emílio Gonzáles to third
Bob McNeil to second
Runner from 3rd tries for Home, SAFE, no throw
Batting: SHB Salvador Trevino 0-0: Ball
1-0: Ball
2-0: Foul Ball, location: 2F
2-1: Foul Ball, location: 2F
2-2: DOUBLE (Line Drive, 9LM)
Bob McNeil scores
José Corona to third
Runner from 3rd tries for Home, SAFE, no throw
Pitching: RHP Robert Dickinson
Batting: SHB Fernando Sánchez 0-0: Ball
1-0: Fly out, F9 (Flyball, 9)
Top of the 7th over - 3 run(s), 3 hit(s), 0 error(s), 1 left on base; Gryfindor 6 - Pure Michigan 5
BOTTOM OF THE 7TH
Pure Michigan Great Lakers batting - Pitching for Gryfindor Braves : RHP Casey Dagher
Now in RF: Ken Watanabe
Batting: RHB Ron Ward 0-0: Called Strike
0-1: Called Strike
0-2: Ball
1-2: Ball
2-2: SINGLE (Groundball, 6D)
Batting: LHB Eric Thackston 0-0: Called Strike
0-1: Ball
1-1: DOUBLE (Line Drive, 9LM)
Ron Ward to third
Pinch Hitting: RHB Ulbert Sutkamp 0-0: Swinging Strike
0-1: Ball
1-1: Foul Ball, location: 2F
1-2: Ball
2-2: Ball
3-2: Base on Balls
Batting: LHB António Boccanegra 0-0: Swinging Strike
0-1: Ball
1-1: SINGLE (Line Drive, 9LS)
Ron Ward scores
Eric Thackston to third
Ulbert Sutkamp to second
Pitching: RHP Rodrigo Torres
Pinch Hitting: RHB Zong-yuan Fung 0-0: Swinging Strike
0-1: Called Strike
0-2: Ball
1-2: Fly out, F9 (Flyball, 9LMF)
Batting: LHB Sisto Pagnamenta 0-0: Called Strike
0-1: Called Strike
0-2: Strikes out swinging
Pinch Hitting: RHB John Thompson 0-0: Ball
1-0: Ball
2-0: Ball
3-0: Base on Balls
Eric Thackston scores
Ulbert Sutkamp to third
António Boccanegra to second
Batting: LHB Tim Waters 0-0: Ball
1-0: Foul Ball, location: 2F
1-1: Ball
2-1: Swinging Strike
2-2: Foul Ball, location: 2F
2-2: Ball
3-2: SINGLE (Flyball, 56D)
Ulbert Sutkamp scores
António Boccanegra to third
John Thompson to second
António Boccanegra scores
John Thompson to third
Batting: LHB Mike Silver 0-0: Called Strike
0-1: Foul Ball, location: 2F
0-2: Foul Ball, location: 2F
0-2: Ball
1-2: Ground out 1-3 (Groundball, 13S)
Bottom of the 7th over - 4 run(s), 4 hit(s), 0 error(s), 2 left on base; Gryfindor 6 - Pure Michigan 9
TOP OF THE 8TH
Gryfindor Braves batting - Pitching for Pure Michigan Great Lakers : RHP Robert Dickinson
Pitching: RHP Jim Unknown
Now at 1B: John Thompson
Now at 3B: Zong-yuan Fung
Now at SS: Ulbert Sutkamp
Batting: RHB Steve Duncan 0-0: Ground out 6-3 (Groundball, 6)
Batting: SHB Arturo Romero 0-0: Fly out, F8 (Flyball, 8LS)
Batting: RHB Ernesto Souza 0-0: Called Strike
0-1: Fly out, F1 (Line Drive, 13S)
Top of the 8th over - 0 run(s), 0 hit(s), 0 error(s), 0 left on base; Gryfindor 6 - Pure Michigan 9
BOTTOM OF THE 8TH
Pure Michigan Great Lakers batting - Pitching for Gryfindor Braves : RHP Rodrigo Torres
Batting: RHB Ron Ward 0-0: Called Strike
0-1: Ground out 5-3 (Groundball, 5L)
Batting: LHB Eric Thackston 0-0: Ground out 3-1 (Groundball, 34)
Batting: RHB Ulbert Sutkamp 0-0: Ball
1-0: Foul Ball, location: 2F
1-1: Fly out, F8 (Flyball, 8RM)
Bottom of the 8th over - 0 run(s), 0 hit(s), 0 error(s), 0 left on base; Gryfindor 6 - Pure Michigan 9
TOP OF THE 9TH
Gryfindor Braves batting - Pitching for Pure Michigan Great Lakers : RHP Jim Unknown
Batting: SHB Emílio Gonzáles 0-0: Called Strike
0-1: Ball
1-1: Ball
2-1: Foul Ball, location: 2F
2-2: Ground out 6-3 (Groundball, 6)
Batting: RHB Bob McNeil 0-0: Ball
1-0: Foul Ball, location: 2F
1-1: Swinging Strike
1-2: Ball
2-2: Foul Ball, location: 2F
2-2: Strikes out looking
Batting: LHB Ken Watanabe 0-0: Ball
1-0: DOUBLE (Flyball, 8LXD)
Batting: LHB José Corona 0-0: Ball
1-0: Ball
2-0: SINGLE (Line Drive, 6MD)
Ken Watanabe to third
Runner from 3rd tries for Home, SAFE, no throw
Batting: SHB Salvador Trevino 0-0: Ball
1-0: Ball
2-0: Ball
3-0: Base on Balls
José Corona to second
Batting: SHB Fernando Sánchez 0-0: Ball
1-0: Swinging Strike
1-1: Foul Ball, location: 2F
1-2: Foul Ball, location: 2F
1-2: Strikes out looking
Top of the 9th over - 1 run(s), 2 hit(s), 0 error(s), 2 left on base; Gryfindor 7 - Pure Michigan 9
Monday, March 20th, 2017 - OOTP Baseball 17.12 Build 75